 Dungeon Crawl Stone Soup version 0.32-a0-361-g289a535e89 (webtiles) character file.

Game seed: 9057919268282674044

42760 ytrimaz the Severer (level 14, -9/106 HPs)
             Began as a Coglin Fighter on Feb 19, 2024.
             Was a High Priest of Okawaru.
             Mangled by a 19-headed hydra (11 damage)
             ... on level 4 of the Lair of Beasts.
             The game lasted 00:19:51 (19052 turns).

ytrimaz the Severer (Coglin Fighter)               Turns: 19052, Time: 00:19:52

Health: -9/106     AC: 28    Str: 29    XL:     14   Next: 21%
Magic:  17/19      EV:  9    Int:  9    God:    Okawaru [*****.]
Gold:   1115       SH:  5    Dex: 16    Spells: 13/13 levels left

rFire   + . .        D - +0 war axe {Navbir}
rCold   + . .        c - +2 broad axe (spect) {Consuela}
rNeg    . . .        j - +2 gold dragon scales
rPois   +            (no helmet)
rElec   .            k - +2 cloak
rCorr   .            r - +0 pair of gloves
SInv    .            (no boots)
Will    +....        o - amulet of reflection Stlth
                     w - +6 ring of strength
HPRegen 0.37/turn    C - ring of Ciamn {Fly Str+5}
MPRegen 0.16/turn

%: reflection
@: heroic, flying, revved, stiff-legged, very slow
A: off-hand wielding, slow wielding, warmup strikes, warmup strides
a: Renounce Religion, Heroism, Finesse, Duel


You were on level 4 of the Lair of Beasts.
You worshipped Okawaru.
Okawaru was extremely pleased with you.
You visited 3 branches of the dungeon, and saw 19 of its levels.

You collected 1115 gold pieces.


Innate Abilities, Weirdness & Mutations

You can wield a second weapon in your off-hand.
It takes a long time for you to wield or remove held weapons.
Your first few attacks do less damage.
Your first movements take longer.


   Skills:
 + Level 8.5(13.5) Fighting
 - Level 3.1(8.1) Long Blades
 * Level 16.0(21.4) Axes
 - Level 5.3(16.0) Maces & Flails
 + Level 12.1(17.1) Armour
 - Level 2.1(7.1) Shields
 - Level 7.0 Invocations


You had 13 spell levels left.
You didn't know any spells.
Your spell library contained the following spells:

 Spells                   Type           Power      Damage    Failure   Level
 Apportation              Tloc           0%         N/A       99%         1
 Jinxbite                 Hex            0%         N/A       100%        2
 Fugue of the Fallen      Necr           0%         N/A       100%        3
 Ozocubu's Armour         Ice            0%         N/A       100%        3
 Dimensional Bullseye     Hex/Tloc       0%         N/A       100%        4
 Iskenderun's Mystic Bla  Conj/Tloc      0%         2d3       100%        4
 Manifold Assault         Tloc           0%         N/A       100%        4
 Vhi's Electric Charge    Tloc/Air       0%         N/A       100%        4
 Alistair's Intoxication  Alch           0%         N/A       100%        5
 Arcjolt                  Conj/Air       0%         1d10      100%        5
 Dispersal                Tloc           0%         N/A       100%        6
 Orb of Destruction       Conj           0%         9d5       100%        7
 Disjunction              Tloc           0%         N/A       100%        8
 Maxwell's Capacitive Co  Air            0%         ∞         100%        8
 Tukima's Dance           Hex            Unusable   N/A       N/A         3
 Summon Blazeheart Golem  Fire/Summ      Unusable   N/A       N/A         4
 Spellforged Servitor     Conj/Summ      Unusable   N/A       N/A         7

Inventory:

Hand Weapons
 c - a +2 spectral broad axe (worn) {Consuela}
   (You found it on level 12 of the Dungeon)
 u - a +0 flail {Yolanda}
   (You found it on level 4 of the Dungeon)
 v - a +0 war axe {Sanghe}
   (You found it on level 7 of the Dungeon)
 A - a +0 flail {Friedl}
   (You took it off a gnoll on level 4 of the Dungeon)
 D - a +0 war axe (weapon) {Navbir}
   (You took it off an orc warrior on level 8 of the Dungeon)
Missiles
 B - 6 throwing nets
Armour
 j - +2 gold dragon scales (worn)
   (You found it on level 1 of the Dungeon)
 k - a +2 cloak (worn)
   (You took it off Maurice on level 11 of the Dungeon)
 r - a +0 pair of gloves (worn)
   (You found it on level 4 of the Dungeon)
Jewellery
 b - a +4 ring of protection
   (You found it on level 11 of the Dungeon)
 h - a ring of protection from fire
   (You found it on level 7 of the Dungeon)
 o - an amulet of reflection (around neck)
   (You found it on level 3 of the Dungeon)
 w - a +6 ring of strength (left grasper)
   (You found it on level 5 of the Dungeon)
 z - a ring of willpower
   (You found it on level 5 of the Dungeon)
 C - the ring of Ciamn (right grasper) {Fly Str+5}
   (You took it off a gnoll on level 5 of the Dungeon)

   [ring of flight]

   Str+5:     It affects your strength (+5).
   Fly:       It grants you flight.
Wands
 l - a wand of iceblast (2)
   (You found it on level 11 of the Dungeon)
 s - a wand of digging (8)
   (You found it on level 8 of the Dungeon)
 x - a wand of mindburst (13)
   (You found it on level 7 of the Dungeon)
 I - a wand of flame (12) (quivered)
   (You found it on level 12 of the Dungeon)
Scrolls
 a - a scroll of enchant armour
 i - 4 scrolls of poison
 t - a scroll of amnesia
 y - 2 scrolls of revelation
 E - a scroll of immolation
 H - 2 scrolls of identify
 K - a scroll of blinking
 M - a scroll of fear
Potions
 d - a potion of might
 e - 3 potions of mutation
 f - 3 potions of lignification
 g - a potion of enlightenment
 m - a potion of attraction
 n - a potion of degeneration
 p - 4 potions of brilliance
 q - 2 potions of ambrosia
 F - 3 potions of magic
 G - 4 potions of curing
 J - a potion of invisibility
 L - a potion of cancellation

Dungeon Overview and Level Annotations

Branches:
Dungeon (14/15) Zot: 23787  Temple (1/1) D:4 Zot: 5974    Lair (4/5) D:8 Zot: 19737
  Swamp (0/4) Lair:3        Snake (0/4) Lair:2          Orc (0/2) D:12
 Vaults (0/5) D:13
  Slime: Lair:4-5

Altars:
Ashenzari
Cheibriados
Dithmenos
Elyvilon
Fedhas
Gozag
Hepliaklqana
Kikubaaqudgha
Makhleb
Nemelex Xobeh
Okawaru
Qazlal
Ru
Sif Muna
Trog
Uskayaw
Vehumet
Wu Jian
Xom
Yredelemnul
Zin
The Shining One
Beogh
Jiyva

Shops:
D:3 [![=   D:9 :   D:14 [

Portals:
Trove: D:12 (give 5 scrolls of blinking)

Annotations:
D:10 2 transporters
D:11 3 runed translucent doors, DeathSocks's ghost, journeyman MDFi

.... .... )...#
#.....
.....####....b..
.......#.#..[....
..P..............
.......$.........
......D...........
#(@..<.......
##...........
##.......... ..<
.. ##......... ...
.### #........# ..
...### #......## .
..#.# ##....##
....# #...##.#
#######...#
#####...# #


You could see a 19-headed hydra and a friendly +2 spectral broad axe {Consuela}.


Message History

You slash the fungus with your +0 war axe!
You closely miss the cane toad with your +0 war axe.
Your +2 spectral broad axe {Consuela} hits the fungus.
Your +2 spectral broad axe {Consuela} hits the cane toad.
The cane toad stings you but does no damage.
The 11-headed hydra bites you!
The 11-headed hydra bites you but does no damage.
The 11-headed hydra closely misses you.
The 11-headed hydra bites you but does no damage.
The 11-headed hydra barely misses you.
The 11-headed hydra bites you but does no damage. x3
The 11-headed hydra bites you!
The 11-headed hydra bites you but does no damage.
The 11-headed hydra bites you! 😮 HP[-29]
You take 29 damage, and now have 59/106 hp.
MASSIVE DAMAGE!! (PAUSE)
You hack one of the 11-headed hydra's heads off!
The ten-headed hydra grows two more!
You slash the 12-headed hydra with your +0 war axe!
You hit the cane toad with your +0 war axe.
You slash the fungus with your +0 war axe!
You lop one of the 12-headed hydra's heads off!
The 11-headed hydra grows two more!
You slice the 13-headed hydra with your +2 spectral broad axe!!
You slash the fungus with your +2 spectral broad axe!
You hit the cane toad but do no damage.
Your +2 spectral broad axe {Consuela} hits the cane toad!
Your +2 spectral broad axe {Consuela} hits the fungus.
A nearby fungus withers and dies.
You block the cane toad's attack.
The 13-headed hydra bites you but does no damage.
The 13-headed hydra barely misses you.
The 13-headed hydra bites you but does no damage. x3
The 13-headed hydra bites you. The 13-headed hydra bites you!
* * * LOW HITPOINT WARNING * * *
The 13-headed hydra bites you!
* * * LOW HITPOINT WARNING * * *
The 13-headed hydra bites you.
* * * LOW HITPOINT WARNING * * *
The 13-headed hydra bites you but does no damage. x2
The 13-headed hydra bites you.
* * * LOW HITPOINT WARNING * * *
The 13-headed hydra bites you but does no damage.
You are too injured to fight recklessly!
You lop one of the 13-headed hydra's heads off!
The 12-headed hydra grows two more!
You slice the 14-headed hydra with your +0 war axe!!
You slash the cane toad with your +0 war axe!
You chop one of the 14-headed hydra's heads off!
The 13-headed hydra grows two more!
You slash the 15-headed hydra with your +2 spectral broad axe!
You slash the cane toad with your +2 spectral broad axe!
You kill the cane toad!
Okawaru accepts your kill.
Your +2 spectral broad axe {Consuela} hits the 15-headed hydra!
Your +2 spectral broad axe {Consuela} hacks one of the 15-headed hydra's heads off!
The 14-headed hydra grows two more! 😨 HP[-21]
You take 21 damage, and now have 38/106 hp.
Unknown command.
You barely miss the 16-headed hydra with your +0 war axe.
You lop one of the 16-headed hydra's heads off!
The 15-headed hydra grows two more!
You slash the 17-headed hydra with your +2 spectral broad axe!
Your +2 spectral broad axe {Consuela} hits the 17-headed hydra!
Your +2 spectral broad axe {Consuela} chops one of the 17-headed hydra's heads off!
The 16-headed hydra grows two more!
The 18-headed hydra bites you.
* * * LOW HITPOINT WARNING * * *
The 18-headed hydra bites you but does no damage. x3
The 18-headed hydra bites you!
* * * LOW HITPOINT WARNING * * *
The 18-headed hydra bites you but does no damage. x2
The 18-headed hydra barely misses you.
The 18-headed hydra bites you but does no damage.
The 18-headed hydra bites you.
* * * LOW HITPOINT WARNING * * *
The 18-headed hydra barely misses you.
The 18-headed hydra bites you but does no damage. x4
You block the 18-headed hydra's attack.
The 18-headed hydra bites you but does no damage. x2
You are too injured to fight recklessly! 😱 HP[-18]
You take 18 damage, and now have 20/106 hp.
You chop one of the 18-headed hydra's heads off!
The 17-headed hydra grows two more!
You slice the 19-headed hydra with your +2 spectral broad axe!!
You hack one of the 19-headed hydra's heads off!
The 18-headed hydra grows two more!
You slash the 20-headed hydra with your +0 war axe!
Your +2 spectral broad axe {Consuela} hits the 20-headed hydra!
Your +2 spectral broad axe {Consuela} slices one of the 20-headed hydra's heads off!
You block the 19-headed hydra's attack. The 19-headed hydra bites you.
* * * LOW HITPOINT WARNING * * *
The 19-headed hydra completely misses you.
The 19-headed hydra bites you!
* * * LOW HITPOINT WARNING * * *
The 19-headed hydra misses you. The 19-headed hydra closely misses you.
The 19-headed hydra bites you but does no damage. x6
The 19-headed hydra bites you!
You die...

Skill      XL: |  1  2  3  4  5  6  7  8  9 10 11 12 13 14 |
---------------+-------------------------------------------+-----
Long Blades    | 3 |  3.1
Fighting       | 4 5 6 8 |  8.5
Armour         | 3 4 5 7 9 11 12 | 12.1
Maces & Flails | 1 2 4 5 |  5.3
Axes           | 3 6 10 13 15 16 | 16.0
Invocations    | 3 6 7 |  7.0
Shields        | |  2.1

Action                     |  1- 3 |  4- 6 |  7- 9 | 10-12 | 13-15 || total
---------------------------+-------+-------+-------+-------+-------++-------
  Melee: Long sword        |    70 |   149 |       |       |       ||   219
         Dagger            |       |    32 |     2 |       |       ||    34
         Mace              |       |    21 |    16 |       |       ||    37
         Flail             |       |       |   322 |    27 |       ||   349
         War axe           |       |       |    44 |   725 |   292 ||  1061
         Broad axe         |       |       |       |    71 |   302 ||   373
 Invoke: Heroism           |       |       |     1 |    12 |     3 ||    16
         Finesse           |       |       |       |     2 |     1 ||     3
         Duel              |       |       |       |     1 |       ||     1
  Evoke: Wand              |       |       |       |    14 |     2 ||    16
    Use: Scroll            |       |     9 |    11 |     7 |     7 ||    34
         Potion            |       |     1 |     3 |     2 |     3 ||     9
   Stab: Distracted        |       |       |       |       |     1 ||     1
 Armour: Scale mail        |    36 |       |       |       |       ||    36
         Gold dragon scale |    18 |   272 |   367 |   603 |   463 ||  1723
  Dodge: Dodged            |    25 |    13 |    68 |   151 |   141 ||   398
  Block: Buckler           |    22 |    72 |       |       |       ||    94
         Reflection        |       |     1 |     1 |     7 |       ||     9
         Other             |       |     6 |    61 |   100 |    80 ||   247

Levels and vault maps discovered:
D:1:      minmay_arrival_shattered_statue, layout_loops_ring, nrook_mini_vaults
D:2:      layout_loops_cross
D:3:      layout_basic, serial_shops, shop, nicolae_shop_mannequins, shop,
          nicolae_shop_tiny_glass, nicolae_shop_back_alley_shop
D:4:      layout_basic, minmay_temple_entry_trees, nicolae_titane
D:5:      layout_cave_pods
D:6:      layout_rooms, amcnicky_altar_gilded, nicolae_overflow_crystal_walls,
          nicolae_houndstooth_variations
D:7:      layout_layer_cave, ebering_dispersal_statue_hall,
          minmay_a_box_with_orc_wizards_in_it
D:8:      layout_basic, mainiacjoe_overflow_tiny_flanked,
          erik_lair_orcish_takeover, ldierk_geyser, corexii_checkpoint,
          uniq_psyche
D:9:      layout_cave_pools, serial_gnoll_camp, gnoll_camp_huts_moat,
          gnoll_camp_mini_hut, gnoll_camp_mini_house, gnoll_camp_mini_shop,
          corexii_leaking_fountain
D:10:     gammafunk_beogh_shrine, layout_cave_pools, overflow_temple_1_default
D:11:     layout_gridville, gammafunk_ghost_ooze, uniq_maurice
D:12:     layout_stronghold, orc_0_dummy, nicolae_trove_entry_columns,
          grunt_decor_fettered, kennysheep_generic_room_15, uniq_erolcha
D:13:     layout_grid_maze, erik_vaults_2
D:14:     layout_rooms, hex_intersection, serial_shops, shop,
          nicolae_figureground_sparkle
Temple:   dpeg_three_leaves_temple
Lair:1:   layout_cave_pods, serial_bayou_shore_a
Lair:2:   layout_misc_corridors, guppyfry_snake_entry_island,
          nicolae_lair_grove_arrangements, wad_woods_road_01
Lair:3:   layout_regular_city, minmay_swamp_entry_swarm, uniq_amaemon
Lair:4:   layout_cave_pods, nicolae_slime_entry_slimehenge, ice2_lemuel,
          grunt_megastairs_5, lemuel_fruit_fields

Notes
Turn   | Place    | Note
-------+----------+-------------------------------------------
     0 | D:1      | ytrimaz the Coglin Fighter began the quest for the Orb.
     0 | D:1      | Reached XP level 1. HP: 18/18 MP: 1/1
     0 | D:1      | magus.rc [v1.9.6]
    21 | D:1      | You pick up a book of Weapons and begin reading...
    21 | D:1      | You add the spells Tukima's Dance, Dimensional Bullseye and
                  | Iskenderun's Mystic Blast to your library.
    96 | D:1      | Reached XP level 2. HP: 24/24 MP: 2/2
   198 | D:1      | Reached XP level 3. HP: 26/29 MP: 3/3
   343 | D:1      | Reached skill level 3 in Long Blades
   403 | D:1      | You pick up a book of Battle and begin reading...
   403 | D:1      | You add the spells Fugue of the Fallen, Ozocubu's Armour
                  | and Manifold Assault to your library.
   421 | D:1      | Identified +0 gold dragon scales
   646 | D:2      | Reached skill level 4 in Fighting
   659 | D:2      | Reached XP level 4. HP: 37/37 MP: 4/4
  1236 | D:3      | Found Quihyow's Weapon Shoppe.
  1236 | D:3      | Noticed a +0 triple sword
  1236 | D:3      | Noticed a +0 rapier
  1253 | D:3      | Found Orchotea's Jewellery Emporium.
  1288 | D:3      | Found Esajoj's Antique Armour Emporium.
  1469 | D:3      | Found Nomyrov's Distillery.
  1491 | D:3      | Found Inaosur's Antique Armour Emporium.
  1503 | D:3      | You pick up a book of Party Tricks and begin reading...
  1503 | D:3      | You add the spells Apportation, Jinxbite and Alistair's
                  | Intoxication to your library.
  1593 | D:3      | Reached skill level 3 in Armour
  1699 | D:3      | Reached XP level 5. HP: 42/43 MP: 5/5
  2082 | D:4      | Reached skill level 5 in Fighting
  2152 | D:4      | Found a staircase to the Ecumenical Temple.
  2186 | Temple   | Entered the Ecumenical Temple
  2198 | Temple   | Became a worshipper of Warmaster Okawaru
  2246 | D:4      | Reached XP level 6. HP: 47/51 MP: 6/6
  2295 | D:4      | HP: 9/51 [gnoll bouda/+0 club (7)]
  2297 | D:4      | Reached skill level 4 in Armour
  2867 | D:5      | Entered Level 5 of the Dungeon
  2868 | D:5      | magus.rc [v1.9.6]
  3158 | D:5      | Reached skill level 1 in Maces & Flails
  3158 | D:5      | Reached XP level 7. HP: 57/57 MP: 7/7
  3245 | D:5      | Identified the ring of Ciamn {Fly Str+5}
  3256 | D:5      | Reached skill level 6 in Fighting
  3730 | D:5      | Reached skill level 2 in Maces & Flails
  3811 | D:5      | Reached * piety under Okawaru
  3812 | D:5      | Reached skill level 5 in Armour
  4229 | D:6      | Reached XP level 8. HP: 58/64 MP: 8/8
  4233 | D:6      | Reached skill level 3 in Maces & Flails
  4300 | D:6      | Found a radiant altar of Vehumet.
  4374 | D:6      | Found a snail-covered altar of Cheibriados.
  4428 | D:6      | Reached skill level 6 in Armour
  4447 | D:6      | Reached ** piety under Okawaru
  4917 | D:7      | magus.rc [v1.9.6]
  4952 | D:7      | Noticed a hornet
  4959 | D:7      | Killed a hornet
  4960 | D:7      | Reached skill level 4 in Maces & Flails
  4960 | D:7      | Reached skill level 7 in Armour
  5084 | D:7      | Reached XP level 9. HP: 61/69 MP: 9/9
  5712 | D:7      | Reached skill level 8 in Armour
  5719 | D:7      | Reached skill level 5 in Maces & Flails
  5870 | D:7      | Reached *** piety under Okawaru
  6632 | D:8      | Found a stormy altar of Qazlal.
  6664 | D:8      | Found a staircase to the Lair.
  6671 | D:8      | Reached skill level 1 in Axes
  6671 | D:8      | HP: 15/69 [wolf (9)]
  6680 | D:8      | Reached skill level 9 in Armour
  6683 | D:8      | Reached skill level 2 in Axes
  6691 | D:8      | HP: 17/69 [something (3)]
  7002 | D:8      | Reached skill level 3 in Axes
  7026 | D:8      | Reached **** piety under Okawaru
  7113 | D:8      | Noticed Psyche
  7117 | D:8      | Reached XP level 10. HP: 71/76 MP: 7/10
  7123 | D:8      | Killed Psyche
  7124 | D:8      | Reached skill level 10 in Armour
  7124 | D:8      | Reached skill level 1 in Invocations
  8065 | D:9      | Reached skill level 4 in Axes
  8079 | D:9      | Reached skill level 2 in Invocations
  8521 | D:9      | HP: 16/76 [gnoll/+0 halberd (9)]
  8803 | D:9      | You pick up a book of Dangerous Friends and begin
                  | reading...
  9029 | D:9      | Reached ***** piety under Okawaru
  9030 | D:9      | Reached skill level 5 in Axes
  9030 | D:9      | Reached skill level 3 in Invocations
  9262 | D:9      | Found Nuanah Alalu's Book Boutique.
  9348 | D:10     | Entered Level 10 of the Dungeon
  9402 | D:10     | Found a blossoming altar of Fedhas.
  9464 | D:10     | Reached skill level 6 in Axes
  9464 | D:10     | Reached skill level 11 in Armour
  9469 | D:10     | Reached XP level 11. HP: 47/81 MP: 13/13
  9577 | D:10     | You add the spells Vhi's Electric Charge, Arcjolt and
                  | Maxwell's Capacitive Coupling to your library.
  9593 | D:10     | Noticed a two-headed ogre
  9605 | D:10     | Killed a two-headed ogre
  9606 | D:10     | Reached skill level 7 in Axes
  9606 | D:10     | Reached skill level 4 in Invocations
  9698 | D:10     | Received a gift from Okawaru
  9717 | D:10     | Identified the +2 leather armour of Morality {Rampage rN++
                  | Int-3}
  9853 | D:10     | Found a transporter.
  9854 | D:10     | Noticed a cyclops
  9862 | D:10     | Noticed an orc sorcerer
  9863 | D:10     | Found a roughly hewn altar of Beogh.
  9863 | D:10     | Found a transporter.
  9867 | D:10     | Noticed a two-headed ogre
 10195 | D:11     | Noticed Maurice
 10204 | D:11     | Maurice stole a ring of willpower
 10213 | D:11     | Maurice stole a +0 flail {Yolanda}
 10215 | D:11     | Maurice stole 565 gold
 10218 | D:11     | Killed Maurice
 10313 | D:11     | Reached skill level 8 in Axes
 10623 | D:11     | Found a runed translucent gate.
 10623 | D:11     | Found a runed translucent gate.
 10623 | D:11     | Found a runed translucent gate.
 10790 | D:11     | Reached skill level 5 in Invocations
 10899 | D:11     | Noticed a manticore
 10906 | D:11     | HP: 17/81 [manticore (4)]
 10908 | D:11     | Killed a manticore
 11119 | D:11     | Reached skill level 9 in Axes
 11319 | D:11     | Noticed a two-headed ogre
 11325 | D:11     | Killed a two-headed ogre
 11612 | D:11     | Noticed DeathSocks's ghost (journeyman MDFi)
 11615 | D:11     | Found a viscous altar of Jiyva.
 11634 | D:12     | You are sucked into a shaft and drop 2 floors!
 11708 | D:14     | Found Rysoapn's Antique Armour Shop.
 11718 | D:14     | Noticed a brown ugly thing
 11718 | D:14     | Noticed a brown ugly thing
 11718 | D:14     | Noticed a brown ugly thing
 11718 | D:14     | Noticed a brown ugly thing
 11719 | D:14     | Noticed a brown ugly thing
 11752 | D:13     | Noticed a centaur warrior
 11762 | D:13     | Killed a centaur warrior
 11762 | D:13     | Received a gift from Okawaru
 11830 | D:13     | Found a gate to the Vaults.
 11830 | D:13     | Noticed a vault guard
 11830 | D:13     | Noticed a vault guard
 11830 | D:13     | Noticed a vault guard
 11830 | D:13     | Noticed a vault guard
 11830 | D:13     | Noticed a vault guard
 11834 | D:13     | Noticed a vault guard
 11940 | D:12     | Reached skill level 10 in Axes
 12052 | D:12     | Reached skill level 6 in Invocations
 12204 | D:12     | Noticed a skeletal warrior
 12204 | D:12     | Noticed a skeletal warrior
 12219 | D:12     | Killed a skeletal warrior
 12220 | D:12     | Reached XP level 12. HP: 43/88 MP: 8/16
 12596 | D:12     | Noticed a boulder beetle
 12622 | D:12     | Killed a boulder beetle
 12763 | D:12     | Reached skill level 11 in Axes
 12996 | D:12     | Found a staircase to the Orcish Mines.
 12996 | D:12     | Noticed a boulder beetle
 13011 | D:12     | Killed a boulder beetle
 13299 | D:12     | Found a portal to a secret trove of treasure.
 13406 | D:12     | Noticed Erolcha
 13410 | D:12     | Killed Erolcha
 13410 | D:12     | Received a gift from Okawaru
 13602 | D:13     | Noticed a boulder beetle
 13605 | D:13     | Reached skill level 7 in Invocations
 13623 | D:13     | Killed a boulder beetle
 13624 | D:13     | Reached skill level 12 in Axes
 13730 | D:13     | Noticed a centaur warrior
 13737 | D:13     | Killed a centaur warrior
 13868 | D:13     | Noticed a vault guard
 13869 | D:13     | Killed a vault guard
 13876 | D:13     | Killed a vault guard
 14009 | D:13     | Killed a vault guard
 14172 | D:13     | Noticed a vault guard
 14184 | D:13     | Killed a vault guard
 14185 | D:13     | Reached skill level 13 in Axes
 14368 | D:13     | Noticed a six-headed hydra
 14383 | D:13     | Killed a vault guard
 14385 | D:13     | HP: 21/88 [18-headed hydra (2)]
 14386 | D:13     | Noticed a centaur warrior
 14388 | Arena    | Entered the Arena
 14394 | Arena    | Killed a vault guard
 14395 | Arena    | Reached XP level 13. HP: 16/93 MP: 4/18
 14405 | D:13     | HP: 16/93 [19-headed hydra (8)]
 14406 | D:13     | HP: 6/93 [centaur warrior/arrow (11)]
 14841 | Lair:1   | Entered Level 1 of the Lair of Beasts
 15097 | Lair:1   | Received a gift from Okawaru
 15098 | Lair:1   | Reached skill level 14 in Axes
 16424 | Lair:2   | Reached skill level 7 in Fighting
 16573 | Lair:2   | Received a gift from Okawaru
 16740 | Lair:2   | Reached skill level 15 in Axes
 16795 | Lair:2   | Found a staircase to the Snake Pit.
 16812 | Lair:2   | HP: 24/96 [constriction (5)]
 17905 | Lair:3   | Received a gift from Okawaru
 17960 | Lair:3   | Found a staircase to the Swamp.
 18153 | Lair:3   | Reached skill level 8 in Fighting
 18153 | Lair:3   | Reached XP level 14. HP: 68/105 MP: 16/19
 18379 | Lair:3   | You pick up a book of the Warp and begin reading...
 18379 | Lair:3   | You add the spells Dispersal and Disjunction to your
                  | library.
 18383 | Lair:3   | Noticed Amaemon
 18389 | Lair:3   | Killed Amaemon
 18431 | Lair:3   | Reached skill level 12 in Armour
 18954 | Lair:4   | Reached skill level 16 in Axes
 18960 | Lair:4   | Received a gift from Okawaru
 19051 | Lair:4   | HP: 24/106 [18-headed hydra (11)]
 19052 | Lair:4   | HP: 2/106 [19-headed hydra (12)]
 19052 | Lair:4   | Mangled by a 19-headed hydra

Vanquished Creatures
  A hydra (Lair:3)
  Erolcha (D:12)
  6 vault guards
  2 centaur warriors (D:13)
  4 boulder beetles
  2 two-headed ogres
  3 skeletal warriors (D:12)
  3 skysharks
  Amaemon (Lair:3)
  An ugly thing (D:13)
  Maurice (D:11)
  A manticore (D:11)
  A gargoyle (D:12)
  10 cane toads
  An orange demon (Lair:3)
  3 rime drakes (Lair:3)
  An unseen horror (D:11)
  Psyche (D:8)
  2 kobold demonologists (D:11)
  4 komodo dragons
  3 polar bears
  A polar bear (shapeshifter) (D:13)
  A hornet (D:7)
  28 blink frogs
  3 slime creatures (D:12)
  3 wraiths
  A shadow (D:11)
  29 yaks
  5 wyverns
  2 basilisks
  A warg (D:8)
  2 nagas (Lair:2)
  7 vampire mosquitoes (Lair:3)
  2 acid dragons
  12 water moccasins
  6 orc warriors
  2 ice beasts
  3 black bears
  21 wolves
  An ogre (D:7)
  7 centaurs
  2 phantoms
  A kobold brigand (D:6)
  11 bullfrogs
  7 gnoll sergeants
  A scorpion (D:5)
  4 killer bees (D:7)
  2 howler monkeys
  3 electric eels
  A bombardier beetle (D:5)
  7 hounds
  6 orc priests
  2 jellies
  4 gnoll boudas
  An iguana (D:5)
  15 orc wizards
  54 gnolls
  6 adders
  A white imp (D:5)
  3 dart slugs
  A ribbon worm (D:2)
  26 orcs
  4 endoplasms
  A giant cockroach (D:2)
  6 goblins
  13 hobgoblins
  8 jackals
  17 kobolds
  4 quokkas
  10 ball pythons
  4 frilled lizards
  7 rats
421 creatures vanquished.

Vanquished Creatures (others)
  A steam dragon (D:8)
  An orc wizard (D:8)
  A spectral weapon (Lair:3)
3 creatures vanquished.

Grand Total: 424 creatures vanquished

Table legend:
 A = Non-vault XP
 B = Vault XP
 C = Vault XP percentage of total XP
 D = Non-vault monster count
 E = Vault monster count
 F = Vault count percentage of total count
                 A         B        C        D         E       F
            +---------+---------+-------+---------+---------+-------
      Total |   47376 |   13710 |  22.4 |     349 |      74 |  17.5
            +---------+---------+-------+---------+---------+-------
        D:1 |      66 |       0 |   0.0 |      25 |       0 |   0.0
        D:2 |      44 |       0 |   0.0 |      11 |       0 |   0.0
        D:3 |     120 |       0 |   0.0 |      24 |       0 |   0.0
        D:4 |     244 |       0 |   0.0 |      21 |       0 |   0.0
        D:5 |     684 |       0 |   0.0 |      19 |       0 |   0.0
        D:6 |     612 |       0 |   0.0 |      17 |       0 |   0.0
        D:7 |    1420 |     146 |   9.3 |      19 |       4 |  17.4
        D:8 |    1002 |    1213 |  54.8 |      16 |      13 |  44.8
        D:9 |    1611 |     914 |  36.2 |      27 |      31 |  53.4
       D:10 |    3175 |       0 |   0.0 |      25 |       0 |   0.0
       D:11 |    4414 |     533 |  10.8 |      21 |       1 |   4.5
       D:12 |    6015 |     989 |  14.1 |      17 |       2 |  10.5
       D:13 |    3708 |    4340 |  53.9 |       7 |       5 |  41.7
     Lair:1 |    9089 |       0 |   0.0 |      44 |       0 |   0.0
     Lair:2 |    5844 |     477 |   7.5 |      18 |       3 |  14.3
     Lair:3 |    7752 |    2402 |  23.7 |      35 |       9 |  20.5
     Lair:4 |    1576 |    1841 |  53.9 |       3 |       5 |  62.5
      Arena |       0 |     855 | 100.0 |       0 |       1 | 100.0
            +---------+---------+-------+---------+---------+-------

Skill      XL: |  1  2  3  4  5  6  7  8  9 10 11 12 13 14 |
---------------+-------------------------------------------+-----
Long Blades    | 3 |  3.1
Fighting       | 4 5 6 8 |  8.5
Armour         | 3 4 5 7 9 11 12 | 12.1
Maces & Flails | 1 2 4 5 |  5.3
Axes           | 3 6 10 13 15 16 | 16.0
Invocations    | 3 6 7 |  7.0
Shields        | |  2.1

Action                     |  1- 3 |  4- 6 |  7- 9 | 10-12 | 13-15 || total
---------------------------+-------+-------+-------+-------+-------++-------
  Melee: Long sword        |    70 |   149 |       |       |       ||   219
         Dagger            |       |    32 |     2 |       |       ||    34
         Mace              |       |    21 |    16 |       |       ||    37
         Flail             |       |       |   322 |    27 |       ||   349
         War axe           |       |       |    44 |   725 |   292 ||  1061
         Broad axe         |       |       |       |    71 |   302 ||   373
 Invoke: Heroism           |       |       |     1 |    12 |     3 ||    16
         Finesse           |       |       |       |     2 |     1 ||     3
         Duel              |       |       |       |     1 |       ||     1
  Evoke: Wand              |       |       |       |    14 |     2 ||    16
    Use: Scroll            |       |     9 |    11 |     7 |     7 ||    34
         Potion            |       |     1 |     3 |     2 |     3 ||     9
   Stab: Distracted        |       |       |       |       |     1 ||     1
 Armour: Scale mail        |    36 |       |       |       |       ||    36
         Gold dragon scale |    18 |   272 |   367 |   603 |   463 ||  1723
  Dodge: Dodged            |    25 |    13 |    68 |   151 |   141 ||   398
  Block: Buckler           |    22 |    72 |       |       |       ||    94
         Reflection        |       |     1 |     1 |     7 |       ||     9
         Other             |       |     6 |    61 |   100 |    80 ||   247

Illustrated notes

Table legend:
 A = Kills in this place as a percentage of kills in the entire game.
 B = Kills by you in this place as a percentage of kills by you in the entire game.
 C = Kills by friends in this place as a percentage of kills by friends in the entire game.
 D = Other kills in this place as a percentage of other kills in the entire game.
 E = Experience gained in this place as a percentage of experience gained in the entire game.
 F = Experience gained in this place divided by the number of levels of this place that you have seen.
                   A       B       C       D       E      F
               +-------+-------+-------+-------+-------+----------------------
         Total | 100.0 | 100.0 |   N/A | 100.0 | 100.0 | 3054.3
       Dungeon |  72.1 |  72.0 |   N/A | 100.0 |  51.2 | 2232.1
          Lair |  27.7 |  27.8 |   N/A |   0.0 |  47.4 | 7245.2
         Arena |   0.2 |   0.2 |   N/A |   0.0 |   1.4 | 855.0
               +-------+-------+-------+-------+-------+----------------------

Table legend: (Time is in decaauts)
 A = Elapsed time spent in this place.
 B = Non-inter-level travel time spent in this place.
 C = Inter-level travel time spent in this place.
 D = Time resting spent in this place.
 E = Time spent auto-exploring this place.
 F = Levels seen in this place.
 G = Mean time per level.
                   A        B        C        D        E       F      G
               +--------+--------+--------+--------+--------+-----+--------+
         Total |  19770 |  19095 |    675 |    657 |  14919 |  20 |  988.5 |
       Dungeon |  15469 |  14857 |    612 |    644 |  11419 |  14 | 1104.9 |
        Temple |     25 |      2 |     23 |      0 |      0 |   1 |   25.0 |
          Lair |   4261 |   4221 |     40 |     13 |   3500 |   4 | 1065.2 |
         Arena |     13 |     13 |      0 |      0 |      0 |   1 |   13.0 |
               +--------+--------+--------+--------+--------+-----+--------+

Top non-repeatable levels by time:
    D:12: 1786 daAuts
     D:7: 1746 daAuts
  Lair:1: 1563 daAuts
    D:11: 1533 daAuts
     D:8: 1525 daAuts
     D:9: 1467 daAuts
  Lair:2: 1378 daAuts
    D:13: 1299 daAuts
     D:5: 1218 daAuts
  Lair:3: 1176 daAuts
     D:4: 993 daAuts
     D:3: 937 daAuts
    D:10: 825 daAuts
     D:6: 766 daAuts
     D:1: 677 daAuts
